 Dungeon Crawl Stone Soup version 0.16.0-8-gd9ae3a8 (webtiles) character file.

187 hulla the Changer (level 5, -7/36 HPs)
             Began as an Octopode Transmuter on Mar 16, 2015.
             Mangled by a gnoll
             ... wielding a +0 spear of flaming
              (9 damage)
             ... on level 3 of the Dungeon.
             The game lasted 00:25:38 (3516 turns).

hulla the Changer (Octopode Transmuter)             Turns: 3516, Time: 00:25:38

Health: -7/36      AC:  2    Str:  9    XL:     5   Next: 66%
Magic:  7/9        EV: 20    Int: 16    God:
Gold:   185        SH:  0    Dex: 18    Spells: 3 memorised, 0 levels left

rFire  . . .     SeeInvis .     a - melded +0 hunting sling
rCold  . . .     Clarity  .     (shield currently unavailable)
rNeg   . . .     SustAb   .     (helmet currently unavailable)
rPois  x         Gourm    .     (no amulet)
rElec  .         Spirit   .     (no ring)
rCorr  .         Warding  .     (no ring)
rMut   .         Stasis   .     (no ring)
MR     .....                    (no ring)
Stlth  ++........               (no ring)
                                (no ring)
                                (no ring)
                                (no ring)

@: spider-form, not resistant to hostile enchantments, unstealthy
A: almost no armour, amphibious, 8 rings, (constrict 8), (camouflage 0), (poison
resistance), robust 1, screaming 1, (gelatinous body 0)
a: End Transformation


You were on level 3 of the Dungeon.
You were not hungry.
You were a venomous arachnid creature.
You visited 1 branch of the dungeon, and saw 3 of its levels.

You collected 185 gold pieces.

Inventory:

Hand weapons
 a - a +0 hunting sling (melded)
 j - a +0 dagger
 u - a +2 dagger of flaming
 v - a +0 spear
 E - a +0 dagger of speed
Missiles
 b - 33 arrows
 c - 116 stones
 f - 10 arrows of frost
 o - 10 poisoned needles
 r - 19 poisoned sling bullets
 s - 2 javelins (quivered)
Armour
 x - a cursed +0 cloak
Jewellery
 g - an uncursed ring of protection from cold {unknown}
Magical devices
 D - a wand of random effects (12)
Scrolls
 e - 4 scrolls of identify {unknown}
 i - a scroll of random uselessness {unknown}
 k - a scroll of amnesia {unknown}
 l - 4 scrolls of immolation {unknown}
 n - a scroll of blinking {unknown}
 p - 2 scrolls of noise {unknown}
 y - a scroll of remove curse {unknown}
 F - 3 scrolls of teleportation {unknown}
Potions
 h - a potion of ambrosia {unknown}
 m - a potion of haste {unknown}
 t - a potion of invisibility {unknown}
 z - a potion of brilliance {unknown}
 A - a potion of curing {unknown}
 C - a potion of restore abilities {unknown}
Books
 d - a book of Changes

   Spells                             Type                      Level
   a - Beastly Appendage              Transmutation                1
   b - Sticks to Snakes               Transmutation                2
   c - Spider Form                    Transmutation/Poison         3
   d - Ice Form                       Ice/Transmutation            4
   e - Blade Hands                    Transmutation                5
Comestibles
 q - 2 beef jerkies
 w - 2 bread rations
 G - 4 chunks of flesh


   Skills:
 - Level 1.0 Fighting
 - Level 2.0 Dodging
 - Level 3.0 Unarmed Combat
 - Level 2.0 Spellcasting
 + Level 4.8 Transmutations
 - Level 3.2 Poison Magic


You couldn't memorise any spells.
You knew the following spells:

 Your Spells              Type           Power        Failure   Level  Hunger
a - Beastly Appendage     Trmt           ###...       12%         1    #......
b - Spider Form           Trmt/Pois      ##........   28%         3    ###....
c - Ice Form              Ice/Trmt       #.......     95%         4    #####..


Dungeon Overview and Level Annotations

Branches:
Dungeon (3/15)

Altars:


Innate Abilities, Weirdness & Mutations

You cannot wear most types of armour.
You are amphibious.
You can wear up to eight rings at the same time.
((You can use your tentacles to constrict many enemies at once.))
((Your skin changes colour to match your surroundings (Stealth).))
((Your rubbery body absorbs attacks (AC +1).))
((Your system is resistant to poisons.))
You are robust (+10% HP).
You occasionally shout uncontrollably at your foes.


Message History

The gnoll shouts!
You hit the gnoll.
The gnoll is lightly wounded.
The gnoll hits you from afar with a spear of flaming.
The gnoll burns you. The gnoll barely misses you.
You hit the gnoll but do no damage.
The gnoll is poisoned.
The gnoll is lightly wounded.
The gnoll closely misses you.
You hit the gnoll but do no damage.
The gnoll looks even sicker.
The gnoll is moderately wounded.
The gnoll misses you.
The gnoll hits you from afar with a spear of flaming!
The gnoll burns you.
* * * LOW HITPOINT WARNING * * *
The gnoll hits you from afar with a halberd!
* * * LOW HITPOINT WARNING * * *
It was a potion of mutation.
You feel extremely strange.
You feel robust.
You feel the urge to shout.
You feel resistant to poisons.
The gnoll hits you from afar with a spear of flaming!
You die...

##.....###.....## ##.##.###g#
#.......#.......# #..#..[..#
#.......#.......# ##.####gg##
#.......#.......# #.# #....
##.....###..÷..## #.## ##.##
##...## ##...## ######.(####.##
####'#######'#### #............##
.........)......###....(....#..##
................s.ggg.......#....
................###.........#...#
####'#######'#### #.......>.#...#
##...## ##...## #.........#...#
##.....###.....## #........##...#
#.......#.......# #######...#...#
#.......#...†...# #.#.#...#
#..[....#.......# #.#.#...#
##.....###.....## #.#.....#


You could see 3 gnolls.

Vanquished Creatures
  An orc wizard (D:3)
  3 adders
  5 gnolls
  2 worms
  3 oozes
  4 orcs (D:3)
  A ball python (D:3)
  5 giant cockroaches
  6 goblins
  4 hobgoblins
  6 jackals
  A quokka (D:1)
  8 bats
  A giant gecko (D:1)
  2 giant newts
  7 kobolds
  7 rats
66 creatures vanquished.

Notes
Turn   | Place    | Note
--------------------------------------------------------------
     0 | D:1      | hulla, the Octopode Transmuter, began the quest for the Orb.
     0 | D:1      | Reached XP level 1. HP: 13/13 MP: 3/3
   351 | D:1      | Reached XP level 2. HP: 11/18 MP: 2/4
  1171 | D:2      | Reached XP level 3. HP: 11/23 MP: 6/6
  1176 | D:2      | Learned a level 3 spell: Spider Form
  1889 | D:2      | Reached skill level 1 in Poison Magic
  2126 | D:2      | Reached XP level 4. HP: 23/28 MP: 3/7
  2373 | D:2      | Reached skill level 4 in Transmutations
  2779 | D:3      | Reached XP level 5. HP: 33/33 MP: 1/9
  2788 | D:3      | Learned a level 4 spell: Ice Form
  3516 | D:3      | Gained mutation: You are robust (+10% HP). [potion of mutation]
  3516 | D:3      | Gained mutation: You occasionally shout uncontrollably at your foes. [potion of mutation]
  3516 | D:3      | Gained mutation: Your system is resistant to poisons. [potion of mutation]
  3516 | D:3      | Mangled by a gnoll

Action                   |  1- 3 |  4- 6 || total
-------------------------+-------+-------++-------
Melee: Unarmed           |    30 |    34 ||    64
       Dagger            |    49 |    44 ||    93
 Fire: Hunting sling     |       |    20 ||    20
Throw: Stone             |     3 |       ||     3
       Javelin           |     4 |       ||     4
 Cast: Beastly Appendage |     6 |     7 ||    13
       Spider Form       |     1 |     6 ||     7
  Use: Potion            |       |     1 ||     1
 Stab: Sleeping          |     4 |     3 ||     7
  Eat: Chunk             |     4 |     5 ||     9
